 Dungeon Crawl Stone Soup version 0.28.0-43-g3370ac3207 (webtiles) character file.

Game seed: 1191701649967943188

335 Gabide the Charlatan (level 6, 0/42 (46) HPs)
             Began as a Human Artificer on Mar 24, 2022.
             Was a Plaything of Xom.
             Slain by a wight
             ... wielding a +4 flail of freezing
             ... summoned by Xom
              (1 damage)
             ... on level 5 of the Dungeon.
             The game lasted 00:14:13 (5568 turns).

Gabide the Charlatan (Human Artificer)              Turns: 5568, Time: 00:14:14

HP:   0/42 (46)     AC:  6    Str: 13      XL:     6   Next: 84%
MP:   6/6           EV: 11    Int:  8 (11) God:    Xom [......]
Gold: 136           SH:  0    Dex: 15      Spells: 5/5 levels left

rFire   + . .      SeeInvis .   k - +0 flail
rCold   + . .      Faith    .   (no shield)
rNeg    . . .      Spirit   .   g - +0 ring mail
rPois   .          Reflect  .   a - +0 helmet
rElec   .          Harm     .   (no cloak)
rCorr   .          Rampage  .   (no gloves)
Will    .....                   (no boots)
Stlth   ..........              (no amulet)
HPRegen 0.14/turn               n - ring of protection from fire
MPRegen 0.10/turn               i - ring of protection from cold

@: lethally poisoned (0 -> -3), silenced, drained
A: no striking features
a: Renounce Religion


You were on level 5 of the Dungeon.
You worshipped Xom.
You were a very special plaything of Xom.
You visited 2 branches of the dungeon, and saw 6 of its levels.

You collected 136 gold pieces.

Inventory:

Hand Weapons
 k - a +0 flail (weapon)
Armour
 a - a +0 helmet (worn)
 g - a +0 ring mail (worn)
Jewellery
 b - a ring of flight
 i - a ring of protection from cold (right hand)
 n - a ring of protection from fire (left hand)
Wands
 c - a wand of flame (48)
 d - a wand of charming (13)
Scrolls
 p - a scroll of holy word {unknown}
Potions
 h - a potion of lignification {unknown}
 j - 2 potions of curing {unknown}
 l - 3 potions of haste {unknown}
 m - 2 potions of mutation {unknown}
 o - a potion of flight {unknown}
Miscellaneous
 e - a piece from Xom's chessboard (5/15) (quivered)


   Skills:
 * Level 2.7 Fighting
 + Level 2.4 Maces & Flails
 + Level 3.1 Armour
 * Level 3.0 Dodging
 + Level 2.0 Stealth
 * Level 4.0 Evocations


You had 5 spell levels left.
You didn't know any spells.
Your spell library contained the following spells:

 Spells                   Type           Power      Damage    Failure   Level
 Slow                     Hex            0%         N/A       65%         1
 Confusing Touch          Hex            0%         N/A       95%         3
 Vampiric Draining        Necr           0%         2d6       95%         3


Dungeon Overview and Level Annotations

Branches:
Dungeon (5/15)             Temple (1/1) D:4

Altars:
Ashenzari
Cheibriados
Dithmenos
Elyvilon
Fedhas
Gozag
Hepliaklqana
Kikubaaqudgha
Makhleb
Nemelex Xobeh
Okawaru
Qazlal
Ru
Sif Muna
Trog
Uskayaw
Vehumet
Wu Jian
Xom
Yredelemnul
Zin
The Shining One

Shops:
D:1 [


Message History

Here: a wight, wielding a +4 flail of freezing and wearing a +0 robe (summoned, wandering, hasn't noticed you)
The floor.
Unknown command.
Unknown command.
As you read the scroll labelled VAAZ VALAO, it crumbles to dust.
A profound silence engulfs you.
It was a scroll of silence.
The shadow imp barely misses you. The wight hits you but does no damage.
Magic scrolls do not work when you're silenced!
Unknown command.
Unknown command.
The wight hits you with a +0 long sword.
The adder bites you but does no damage. The wight closely misses you.
The wight hits you with a +0 spear. The wight closely misses you.
The wight hits you with a +4 flail of freezing!
You feel drained.
The wight hits you from afar with a +0 spear.
Items here: ) [[ รท.
The adder bites you.
You are poisoned.
The adder poisons you!
You feel sick. The adder bites you.
The wight hits you with a +4 flail of freezing!
* * * LOW HITPOINT WARNING * * *
A shower of butterflies erupts from you!
You feel drained.
* * * LOW HITPOINT WARNING * * *
The wight freezes you.
You die... "Oh, no, you don't!"
Xom revives you!
You swap places.
You feel sick.
The adder completely misses your butterfly.
The ogre misses your butterfly.
The wight hits you with a +4 flail of freezing.
* * * LOW HITPOINT WARNING * * *
You feel drained.
* * * LOW HITPOINT WARNING * * *
The wight freezes you.
You die... "It was about time."

###..#...#..#####........#.#.#
##............##...............##
#.##.............#...#...........
..#.##..........###..#...........
.....#.........###z..............
......##....#..b.#z5.###...##....
......##.>#....b.SO####.....#....
........#.##.....zb........ #....
.......##......b@##..##.... #.##.
............###..##..#.... # #.
.[....#...####.......#.... #####.
#....###.### ##.b......## ......
##.....>.#.####.........## ......
##..#.......(............##......
....#...##.........<......#......
........##.......................
#.......#........................


You could see an ogre (summoned), 3 wights, an adder (summoned) and a shadow imp
(summoned).

Vanquished Creatures
  A water moccasin skeleton (D:5)
  A hound (D:4)
  A gnoll shaman (D:5)
  A centaur skeleton (D:4)
  2 iguanas
  A howler monkey skeleton (D:5)
  7 adders
  An ufetubus (D:5)
  An adder skeleton (D:4)
  A worm (D:3)
  A dart slug (D:4)
  5 ball pythons
  9 bats
  5 endoplasms
  2 giant cockroaches
  5 goblins
  A hobgoblin (D:1)
  4 jackals (D:3)
  8 quokkas
  3 frilled lizards
  3 kobolds
  11 rats
74 creatures vanquished.

Notes
Turn   | Place    | Note
-------+----------+-------------------------------------------
     0 | D:1      | Gabide the Human Artificer began the quest for the Orb.
     0 | D:1      | Reached XP level 1. HP: 15/15 MP: 1/1
   157 | D:1      | Reached XP level 2. HP: 20/21 MP: 2/2
   758 | D:1      | Found Toeteo's Armour Boutique.
   819 | D:1      | Reached XP level 3. HP: 26/26 MP: 3/3
  1835 | D:2      | Reached XP level 4. HP: 22/32 MP: 4/4
  2018 | D:2      | Found a faded altar of an unknown god.
  2211 | D:3      | Reached skill level 1 in Maces & Flails
  2987 | D:3      | Found a faded altar of an unknown god.
  2987 | D:3      | Found an iron altar of Okawaru.
  2993 | D:3      | Found a broken altar of Ashenzari.
  3009 | D:3      | Found a faded altar of an unknown god.
  3011 | D:3      | Found a white marble altar of Elyvilon.
  3147 | D:3      | Found a snail-covered altar of Cheibriados.
  3366 | D:4      | Reached XP level 5. HP: 37/38 MP: 5/5
  3371 | D:4      | Found a staircase to the Ecumenical Temple.
  3388 | Temple   | Entered the Ecumenical Temple
  3535 | Temple   | Became a worshipper of Xom the Tricky
  3585 | Temple   | XOM: silly message
  3641 | D:4      | XOM: divination: detect creatures
  4136 | D:4      | Reached XP level 6. HP: 37/44 MP: 6/6
  4417 | D:4      | Found a stormy altar of Qazlal.
  4417 | D:4      | Found an opulent altar of Gozag.
  4486 | D:4      | XOM: silly message
  4599 | D:5      | Entered Level 5 of the Dungeon
  4750 | D:5      | Noticed an ice beast
  4892 | D:4      | XOM: summons 2 hostile shadow creatures
  5241 | D:5      | XOM is BORED!
  5241 | D:5      | XOM: stat loss: -3 Int (8/11)
  5311 | D:5      | Reached skill level 4 in Evocations
  5560 | D:5      | XOM: summons 4 hostile shadow creatures
  5561 | D:5      | Noticed an ogre
  5567 | D:5      | XOM: butterfly on damage
  5567 | D:5      | HP: 1/43 [wight/+4 flail of freezing[Xom] (2)]
  5567 | D:5      | Xom revived you
  5568 | D:5      | Slain by a wight

Illustrated notes

Levels and vault maps discovered:
D:1:      dpeg_arrival_chambers_temple_mockup, layout_basic, serial_shops,
          nicolae_shop_behind_doors, kennysheep_decorative_pillar,
          hangedman_abyss_or_decor_lesser_grid, st_stairs_14
D:2:      layout_loops_ring, shapermc_ecumenical_altar_mp_vishouse
D:3:      layout_basic, chequers_temple_overflow_minitemple, lemuel_tele_altar
D:4:      layout_loops_ring, gammafunk_temple_overflow_wave,
          minmay_temple_entry_offerings
D:5:      layout_cave_pools, minmay_ruined_shrine
Temple:   eino_temple_rhombus

Skill      XL: |  1  2  3  4  5  6 |
---------------+-------------------+-----
Dodging        | 2 3 |  3.0
Maces & Flails | 1 2 |  2.4
Fighting       | 2 |  2.7
Armour         | 3 |  3.1
Stealth        | 2 |  2.0
Evocations     | 4 |  4.0

Action                   |  1- 3 |  4- 6 || total
-------------------------+-------+-------++-------
Melee: Club              |   109 |       ||   109
       Punch             |     2 |     2 ||     4
       Flail             |    34 |   165 ||   199
Evoke: Wand              |     4 |     9 ||    13
       Piece from Xom's  |       |    12 ||    12
  Use: Scroll            |       |     4 ||     4
 Stab: Sleeping          |       |     1 ||     1
       Paralysed         |       |     8 ||     8
Armor: Ring mail         |    96 |    73 ||   169
       Leather armour    |     1 |       ||     1
Dodge: Dodged            |   111 |   132 ||   243
